Map: Romanticide LE

Players

Nice - Winner!

  • Race: Protoss Protoss

ExpecT

  • Race: Terran Terran

Event: DreamHack SC2 Masters 2021 Fall

VOD

Have the link to the VOD?

Description

Time

  • Played on: Aug. 1, 2021, 7:35 a.m.
  • Length: 6:03

All games in this series

Show
View Real Time Build Order
Export as new Build Order

Nice Protoss - Winner!

Build Orders: 1 Gate Expand, Colossus Rush 

Get SALT Encoding   

  12  0:00  Probe  
  13  0:12  Probe  
  14  0:18  Pylon  
  14  0:24  Probe (Chrono Boost)  
  15  0:38  Probe (Chrono Boost)  
  15  0:39  Gateway  
  16  0:43  Probe (Chrono Boost)  
  16  0:49  Assimilator  
  17  0:53  Probe  
  18  1:05  Probe  
  19  1:18  Probe  
  20  1:26  Cybernetics Core  
  20  1:35  Nexus  
  20  1:44  Pylon  
  20  1:48  Assimilator  
  20  1:50  Probe  
  21  1:59  Adept (Chrono Boost)  
  21  2:02  Probe  
  21  2:03  Warp Gate  
  24  2:10  Shield Battery  
  24  2:14  Probe  
  25  2:21  Adept (Chrono Boost)  
  25  2:26  Probe  
  28  2:34  Robotics Facility  
  28  2:38  Probe  
  29  2:45  Adept  
  29  2:47  Probe  
  32  3:00  Probe  
  33  3:06  Probe  
  34  3:12  Probe  
  34  3:18  Probe  
  36  3:25  Probe  
  36  3:26  Robotics Bay  
  37  3:28  Observer (Chrono Boost)  
  37  3:30  Probe  
  39  3:37  Probe  
  39  3:40  Warp Prism (Chrono Boost)  
  40  3:42  Probe  
  40  3:43  Pylon  
  40  3:47  Pylon  
  43  3:49  Probe  
  43  3:54  Adept  
  46  4:01  Probe x2  
  48  4:13  Probe x2  
  48  4:15  Colossus (Chrono Boost)  
  50  4:18  Gravitic Drive  
  56  4:25  Probe x2  
  56  4:37  Probe x2  
  58  4:39  Nexus  
  58  4:40  Assimilator  
  58  4:41  Pylon  
  58  4:42  Assimilator  
  58  4:49  Probe x2  
  60  4:53  Pylon  
  60  4:58  Colossus (Chrono Boost)  
  60  5:02  Probe  
  60  5:06  Gateway  
  67  5:07  Probe  
  67  5:13  Gateway  
  67  5:14  Probe  
  69  5:20  Probe  
  70  5:26  Pylon, Probe  
  71  5:32  Probe  
  71  5:33  Pylon  
  72  5:38  Probe  
  73  5:44  Probe  
Show
View Real Time Build Order
Export as new Build Order

ExpecT Terran 

Build Orders:  

Get SALT Encoding   

  12  0:00  SCV  
  13  0:12  SCV  
  14  0:18  Supply Depot  
  14  0:24  SCV  
  15  0:39  SCV  
  15  0:42  Barracks  
  16  0:45  Refinery  
  16  0:51  SCV  
  17  1:03  SCV  
  18  1:16  SCV  
  19  1:29  Orbital Command  
  19  1:30  Marine  
  20  1:44  Command Center  
  20  1:56  Supply Depot  
  20  1:57  SCV  
  20  2:01  Barracks Reactor  
  21  2:10  SCV  
  21  2:11  Barracks  
  22  2:22  SCV  
  23  2:35  SCV  
  24  2:38  Marine x2  
  26  2:47  SCV, Bunker  
  27  2:55  Command Center  
  26  3:00  SCV  
  26  3:03  Barracks Tech Lab  
  26  3:04  Marine x2  
  29  3:09  Orbital Command  
  29  3:12  SCV  
  27  3:21  Marine  
  27  3:22  Marine  
  27  3:25  Stimpack  
  27  3:34  SCV  
  28  3:37  SCV  
  29  3:46  SCV  
  30  3:49  SCV, Bunker  
  30  3:52  Marine x2  
  30  3:53  Marine  
  34  3:59  SCV  
  35  4:04  Factory  
  35  4:07  SCV x2  
  37  4:10  Marine x2  
  37  4:20  SCV, Orbital Command  
  37  4:24  Marine  
  37  4:28  Marine, SCV  
  39  4:32  SCV  
  40  4:40  Marine, SCV  
  40  4:45  SCV  
  43  4:46  Marine x2  
  43  4:49  Engineering Bay  
  43  4:52  SCV  
  46  4:53  Starport  
  46  4:54  Factory Tech Lab  
  46  4:55  SCV  
  46  4:57  SCV  
  46  4:58  Marine  
  49  5:01  Refinery  
  49  5:02  Refinery  
  49  5:04  SCV  
  50  5:07  SCV  
  50  5:09  SCV  
  50  5:14  Marine x2  
  52  5:16  Marine  
  52  5:18  Missile Turret  
  52  5:19  SCV  
  56  5:25  Siege Tank  
  59  5:29  Supply Depot  
  59  5:30  Supply Depot  
  56  5:45  SCV x2  
  56  5:47  SCV  

Tags
 
Add a new tag
Caveats
  • Supply blocks, unpowered buildings, or Contaminate may cause inaccurate times.
  • Supply counts are checked every 10 seconds.